 Dungeon Sprint DCSS version 0.22.1-2-g9c5b331 (webtiles) character file.

2108 Barsley the Grappler (level 9, 0/96 HPs)
             Began as a Troll Monk on Nov 14, 2018.
             Was a Priest of Jiyva.
             Succumbed to a hornet's poison
             ... in the Dungeon (Sprint II: "The Violet Keep of Menkaure").
             The game lasted 00:04:50 (326 turns).

Barsley the Grappler (Troll Monk)                    Turns: 326, Time: 00:04:50

Health: 0/96       AC:  4    Str: 23    XL:     9   Next: 7%
Magic:  8/8        EV: 14    Int:  6    God:    Jiyva [***...]
Gold:   711        SH:  0    Dex: 11    Spells: 8/8 levels left

rFire    . . .     SeeInvis .     - Unarmed
rCold    . . .     Gourm    +   (no shield)
rNeg     . . .     Faith    .   a - +0 robe
rPois    .         Spirit   .   (helmet restricted)
rElec    +         Reflect  .   (no cloak)
rCorr    +         Harm     .   (gloves unavailable)
MR       +....     Rnd*Rage +   (boots unavailable) Stlth ++........NoTele +
                                (no amulet)
HPRegen  0.66/turn              d - ring of protection from magic
MPRegen  0.11/turn              (no ring)

@: lethally poisoned (0 -> -3), hasted and slowed
A: large, unfitting armour, claws 3, berserk 1, clumsy 1, deformed body, fast
metabolism 3, gourmand, regeneration 1, shaggy fur 1, electricity resistance,
tough skin 2
a: Request Jelly, Renounce Religion


You were in the Dungeon.
You worshipped Jiyva.
Jiyva was most pleased with you.
You were full.

You visited 1 branch You collected 986 gold pieces.
You spent 275 gold pieces at shops.

Inventory:

Armour
 a - a +0 robe (worn)
Jewellery
 d - a ring of protection from magic (left claw)
Scrolls
 h - a scroll of blinking
Potions
 f - 2 potions of magic
 g - a potion of berserk rage
Comestibles
 b - 2 rations


   Skills:
 + Level 8.2 Fighting
 + Level 9.5 Dodging
 + Level 2.4 Stealth
 + Level 14.2 Unarmed Combat


You had 8 spell levels left.
You didn't know any spells.
Your spell library was empty.

Dungeon Overview and Level Annotations

Branches:
Dungeon (1/1)

Altars:
Cheibriados
Dithmenos
Elyvilon
Fedhas
Gozag
Hepliaklqana
Kikubaaqudgha
Makhleb
Nemelex Xobeh
Okawaru
Qazlal
Ru
Sif Muna
Trog
Uskayaw
Vehumet
Wu Jian
Xom
Yredelemnul
Zin
The Shining One
Beogh
Jiyva
Lugonu

Shops:
D :=!=[!:(*=*%[}!?

Annotations:
D exclusion: oklob plant, Roxanne


Innate Abilities, Weirdness & Mutations

You are too large for most types of armour.
You have claws for hands.
Your metabolism is lightning-fast.
You like to eat raw meat.
Your natural rate of healing is unusually fast.
You are covered in fur. (AC +1)
You have very tough skin. (AC +2)
You tend to lose your temper in combat.
You are clumsy. (Dex -2)
Armour fits poorly on your strangely shaped body.
You are resistant to electric shocks. (rElec)


Message History

You suddenly lose the ability to move!
The hornet stings you.
* * * LOW HITPOINT WARNING * * *
You feel as though you will be slow longer.
You can move again.
You feel yourself speed up.
You feel sick. The hornet stings you.
* * * LOW HITPOINT WARNING * * *
You are lethally poisoned!
You feel as though you will be slow longer.
The hornet stings you.
* * * LOW HITPOINT WARNING * * *
You feel as though you will be slow longer.
You mangle the hornet!!
You kill the hornet!
Your Unarmed Combat skill increases to level 14!
You have reached level 9!
Your experience leads to an increase in your attributes!
Your base attributes are Str 22, Int 6, Dex 12.
Increase (S)trength, (I)ntelligence, or (D)exterity?
You feel agile.
You feel stronger.
You die...

##..# ...# ...# ...####..##
#..# $# ?$$ #'###.##..# +..#
.#▓$$!)! #.##...#..# #..#
.#▓??($!? .<.†.##'..###
..##.#▓([)??[!
#.##...#....###...##▓▓▓▓▓▓▓+
#†###.##......≈≈h≈≈≈≈≈≈≈≈≈≈
#.#####≈≈.....c#†########+###
.#..#≈§≈≈§≈≈.§≈#@._....J#§≈≈#
.#.##≈§≈§≈§§≈.≈#._._....#≈§§≈#
#+##≈≈≈≈§§§≈§≈§#_._._...#t§≈§≈
≈ ≈≈≈≈≈§≈§§≈§≈#._._._..#≈§§≈≈
+# ++#§§§§§§§≈≈#_._._._.#t≈≈§
§ ##≈≈≈###≈≈#._._._._#§§≈≈
#≈§#.._._._.#§≈§§≈
#≈≈#._._._..#§§§≈▓
≈≈≈≈##########§§≈≈▓


You could see a polar bear, a yaktaur and a neutral jelly (fellow slime).

Vanquished Creatures
  2 polar bears (D)
  A hornet (D)
  2 hippogriffs (D)
  4 neqoxecs (D)
  Menkaure (D)
  4 necrophages (D)
  A hell rat (D)
  4 worker ants (D)
19 creatures vanquished.

Vanquished Creatures (others)
  A crocodile (D)
1 creature vanquished.

Grand Total: 20 creatures vanquished

Notes
Turn   | Place    | Note
-------+----------+-------------------------------------------
     0 | D        | Barsley the Troll Monk began the quest for the Orb.
     0 | D        | Reached XP level 1. HP: 22/22 MP: 0/0
     1 | D        | Noticed a worker ant
     1 | D        | Noticed a worker ant
     7 | D        | Killed a worker ant
     7 | D        | Reached skill level 4 in Unarmed Combat
     7 | D        | Reached XP level 2. HP: 11/31 MP: 1/1
    12 | D        | Reached skill level 5 in Unarmed Combat
    12 | D        | Reached XP level 3. HP: 9/39 MP: 2/2
    60 | D        | Reached XP level 4. HP: 13/49 MP: 3/3
    67 | D        | Killed a crocodile
   113 | D        | Noticed a necrophage
   113 | D        | Noticed a necrophage
   113 | D        | Noticed a necrophage
   113 | D        | Noticed a necrophage
   120 | D        | Killed a necrophage
   120 | D        | Reached skill level 5 in Fighting
   120 | D        | Reached skill level 5 in Dodging
   120 | D        | Reached skill level 7 in Unarmed Combat
   120 | D        | Reached XP level 5. HP: 57/57 MP: 4/4
   122 | D        | Killed a necrophage
   122 | D        | Reached skill level 8 in Unarmed Combat
   128 | D        | Killed a necrophage
   128 | D        | Reached skill level 9 in Unarmed Combat
   128 | D        | Reached XP level 6. HP: 59/66 MP: 5/5
   149 | D        | Noticed a hippogriff
   149 | D        | Noticed a hippogriff
   156 | D        | Killed a hippogriff
   156 | D        | Reached skill level 10 in Unarmed Combat
   156 | D        | Reached XP level 7. HP: 54/75 MP: 6/6
   162 | D        | Killed a hippogriff
   162 | D        | Reached skill level 11 in Unarmed Combat
   167 | D        | Found Dirup's Antique Weapon Shoppe.
   167 | D        | Found Wausk's Food Shoppe.
   167 | D        | Found Zidaas's Gadget Shoppe.
   167 | D        | Found Weguipp's Book Emporium.
   167 | D        | Found Atzingut's Magic Scroll Shoppe.
   167 | D        | Found Atuuw's Assorted Antiques.
   168 | D        | Found Bydwics's Distillery.
   168 | D        | Found Tuifugg's Jewellery Shoppe.
   168 | D        | Found Waovewn's General Store.
   168 | D        | Found Xothucs's Antique Armour Shoppe.
   168 | D        | Found Benank's Jewellery Emporium.
   169 | D        | Found Heziulox's Distillery.
   169 | D        | Found Piwiegoifu's Jewellery Emporium.
   169 | D        | Noticed a shining eye
   170 | D        | Found Foeg's Antique Armour Shoppe.
   170 | D        | Found Woisoomp's Distillery.
   194 | D        | Noticed Menkaure
   194 | D        | Noticed a shining eye
   197 | D        | Noticed a shining eye
   197 | D        | Noticed an oklob plant
   198 | D        | Found Koenk's Book Shoppe.
   202 | D        | Noticed a great orb of eyes
   205 | D        | Bought an uncursed ring of protection from magic for 275
                  | gold pieces
   214 | D        | Killed Menkaure
   228 | D        | Noticed Roxanne
   234 | D        | Noticed a neqoxec
   242 | D        | Gained mutation: You are clumsy. (Dex -2) [a neqoxec]
   244 | D        | Killed a neqoxec
   244 | D        | Reached skill level 12 in Unarmed Combat
   244 | D        | Reached XP level 8. HP: 39/84 MP: 7/7
   248 | D        | Gained mutation: You tend to lose your temper in combat. [a
                  | neqoxec]
   252 | D        | Gained mutation: Armour fits poorly on your strangely
                  | shaped body. [a neqoxec]
   261 | D        | Reached skill level 13 in Unarmed Combat
   286 | D        | Found an iron altar of Okawaru.
   286 | D        | Found a radiant altar of Vehumet.
   287 | D        | Found a sparkling altar of Nemelex Xobeh.
   287 | D        | Found a hide-covered altar of Uskayaw.
   287 | D        | Found a glowing silver altar of Zin.
   288 | D        | Found an opulent altar of Gozag.
   288 | D        | Found a burning altar of Makhleb.
   288 | D        | Found a bloodstained altar of Trog.
   288 | D        | Found a basalt altar of Yredelemnul.
   289 | D        | Found a blossoming altar of Fedhas.
   289 | D        | Found a corrupted altar of Lugonu.
   289 | D        | Found a deep blue altar of Sif Muna.
   290 | D        | Found a white marble altar of Elyvilon.
   290 | D        | Found an ancient bone altar of Kikubaaqudgha.
   291 | D        | Found a shadowy altar of Dithmenos.
   291 | D        | Found a viscous altar of Jiyva.
   292 | D        | Found a snail-covered altar of Cheibriados.
   294 | D        | Found a roughly hewn altar of Beogh.
   294 | D        | Found a shimmering altar of Xom.
   294 | D        | Found a sacrificial altar of Ru.
   294 | D        | Found a hazy altar of Hepliaklqana.
   295 | D        | Found a glowing golden altar of the Shining One.
   295 | D        | Found an ornate altar of the Wu Jian Council.
   295 | D        | Found a stormy altar of Qazlal.
   302 | D        | Became a worshipper of Jiyva Jycuaria the Shapeless
   302 | D        | Reached * piety under Jiyva
   302 | D        | Reached ** piety under Jiyva
   304 | D        | Reached *** piety under Jiyva
   306 | D        | Noticed a hornet
   306 | D        | Noticed a polar bear
   306 | D        | Gained mutation: You are resistant to electric shocks.
                  | (rElec) [Jiyva's grace]
   307 | D        | Noticed a yaktaur
   307 | D        | Noticed a polar bear
   309 | D        | Noticed a polar bear
   315 | D        | Killed a polar bear
   318 | D        | Killed a polar bear
   324 | D        | Paralysed by a hornet for 1 turns
   325 | D        | HP: 4/88 [hornet (1)]
   325 | D        | HP: 1/88 [hornet (3)]
   326 | D        | Killed a hornet
   326 | D        | Reached skill level 14 in Unarmed Combat
   326 | D        | Reached XP level 9. HP: 1/96 MP: 8/8
   326 | D        | Succumbed to a hornet's poison

Skill      XL: |  1  2  3  4  5  6  7  8 |
---------------+-------------------------+-----
Fighting       | 3 4 5 6 7 8 |  8.2
Dodging        | 3 4 5 6 7 8 9 |  9.5
Unarmed Combat | 4 5 7 9 10 12 14 | 14.2
Stealth        | 2 |  2.4

Action                   |  1- 3 |  4- 6 |  7- 9 || total
-------------------------+-------+-------+-------++-------
Melee: Unarmed           |    15 |    29 |    47 ||    91
       Punch             |       |     1 |     4 ||     5
  Use: Potion            |       |     1 |     2 ||     3
Armor: Robe              |     1 |     7 |     6 ||    14
Dodge: Dodged            |     8 |    14 |    25 ||    47
